 Dungeon Crawl Stone Soup version 0.30-a0-743-gbfdf073431 (webtiles) character file.

Game seed: 7701686961033543058

8969 ragingrage the Marksant (level 11, -10/72 HPs)
             Began as a Formicid Hunter on Feb 8, 2023.
             Was a High Priest of Okawaru.
             Mangled by a boulder beetle (26 damage)
             ... on level 10 of the Dungeon.
             The game lasted 00:12:20 (9588 turns).

ragingrage the Marksant (Formicid Hunter)           Turns: 9588, Time: 00:12:21

Health: -10/72     AC:  7    Str: 16    XL:     11   Next: 65%
Magic:  11/15      EV: 12    Int:  9    God:    Okawaru [*****.]
Gold:   265        SH:  0    Dex: 21    Spells: 9/12 levels left

rFire   + + +      SeeInvis +    a - +2 shortbow (flame)
rCold   x . .      Faith    .    (no shield)
rNeg    . . .      Spirit   .    E - +1 robe of the Glamorous God {Harm rPois rF+++ rC-}
rPois   +          Reflect  .    (helmet unavailable)
rElec   .          Harm     +    i - +2 cloak
rCorr   .          Rampage  .    H - +0 pair of gloves
Will    .....                    (no boots)
Stlth   +++                      (no amulet)
HPRegen 0.32/turn                e - ring of protection from fire
MPRegen 0.14/turn                (no ring)

@: weak-willed
A: permanent stasis, dig shafts and tunnels, antennae 3, four strong arms
a: Dig, Shaft Self, Renounce Religion, Heroism, Finesse, Duel


You were on level 10 of the Dungeon.
You worshipped Okawaru.
Okawaru was extremely pleased with you.
You visited 2 branches of the dungeon, and saw 12 of its levels.

You collected 521 gold pieces.
You spent 256 gold pieces at shops.

Inventory:

Hand Weapons
 a - a +2 shortbow of flaming (weapon)
 b - a +0 antimagic shortbow
Armour
 c - a +1 leather armour
 i - a +2 cloak (worn)
 E - the +1 robe of the Glamorous God (worn) {Harm rPois rF+++ rC-}
   (You found it on level 8 of the Dungeon)

   rF:        It renders you almost immune to fire.
   rC:        It makes you vulnerable to cold.
   rPois:     It protects you from poison.
   Harm:      It increases damage dealt and taken.
 H - a +0 pair of gloves (worn)
 J - a +2 robe of willpower
Jewellery
 e - a ring of protection from fire (left hand)
 F - a ring of resist corrosion
Wands
 y - a wand of mindburst (22)
 z - a wand of flame (22)
 I - a wand of quicksilver (4)
Scrolls
 g - 6 scrolls of enchant armour
 k - a scroll of fear
 l - 3 scrolls of enchant weapon
 o - a scroll of magic mapping
 t - a scroll of fog
 A - 2 scrolls of amnesia
 B - 2 scrolls of identify
 C - a scroll of immolation
 K - a scroll of summoning {unknown}
Potions
 f - 2 potions of cancellation
 h - 2 potions of curing
 n - 2 potions of lignification
 p - 3 potions of mutation
 q - 2 potions of magic
 r - 2 potions of flight
 s - a potion of ambrosia
 v - a potion of brilliance
 x - a potion of might


   Skills:
 - Level 2.1 Fighting
 + Level 15.6 Ranged Weapons
 - Level 1.7 Dodging
 - Level 3.0 Stealth
 - Level 1.0 Spellcasting
 - Level 3.0 Conjurations
 - Level 2.0 Air Magic
 - Level 5.0 Poison Magic
 - Level 6.0 Invocations


You had 9 spell levels left.
You knew the following spells:

 Your Spells              Type           Power      Damage    Failure   Level
a - Mephitic Cloud        Conj/Pois/Air  6%         N/A       28%         3

Your spell library contained the following spells:

 Spells                   Type           Power      Damage    Failure   Level
 Magic Dart               Conj           20%        1d4       11%         1
 Sublimation of Blood     Necr           0%         N/A       50%         2
 Wereblood                Tmut           0%         N/A       50%         2
 Call Imp                 Summ           Unusable   N/A       N/A         2
 Summon Hydra             Summ           Unusable   N/A       N/A         7

Dungeon Overview and Level Annotations

Branches:
Dungeon (11/15)            Temple (1/1) D:4            Lair (0/5) D:10
    Orc: D:9-12

Altars:
Ashenzari
Cheibriados
Dithmenos
Elyvilon
Fedhas
Gozag
Hepliaklqana
Kikubaaqudgha
Makhleb
Nemelex Xobeh
Okawaru
Qazlal
Ru
Sif Muna
Trog
Uskayaw
Vehumet
Wu Jian
Xom
Yredelemnul
Zin
The Shining One

Shops:
D:3 (   D:7 !   D:9 :

Annotations:
D:1 exclusion: downstairs
D:2 Sigmund
D:4 exclusion: downstairs
D:6 exclusion: downstairs
D:7 2 transporters, exclusion: 2 downstairs, voltaire321's ghost, novice MfGl
D:9 exclusion: 2 doors
D:10 exclusion: downstairs


Innate Abilities, Weirdness & Mutations

You cannot be hasted, slowed, berserked, paralysed or teleported.
You can dig through walls and to a lower floor.
You have a pair of large antennae on your head. (SInv)
Your four strong arms can wield two-handed weapons with a shield.


Message History

The stinking cloud engulfs the boulder beetle but does no damage.
The boulder beetle is lightly wounded.
The boulder beetle closely misses you.
Found a rapier.
The boulder beetle bites you!
* * * LOW HITPOINT WARNING * * *
The boulder beetle attacks as you move away!
The boulder beetle bites you!
* * * LOW HITPOINT WARNING * * *
The boulder beetle curls into a ball and begins rolling!
You feel much better.
Okay, then.
Okay, then.
As you read the scroll labelled MEZAOQAVEMN, it crumbles to dust.
Magic quickly surges around you.
It was a scroll of vulnerability.
The boulder beetle hits you but does no damage.
The boulder beetle stops rolling and uncurls.
Aiming: Mindburst
Press: ? - help, Shift-Dir - straight line, f - boulder beetle
Aim: a boulder beetle (weak-willed, chance to affect: 64%)
The boulder beetle struggles to resist.
The boulder beetle leaps!
Okay, then.
A wraith comes into view.
There is a stone staircase leading up, spattered with blood here.
You see here the +6 plate armour of the Land of Plenty {Rampage Will+ Int+2}.
The boulder beetle waves its antennae.
The boulder beetle bites you!!
* * * LOW HITPOINT WARNING * * *
You climb upwards.
Level annotation: exclusion: downstairs
There is a stone staircase leading down here.
The boulder beetle attacks as you move away!
The boulder beetle barely misses you.
The boulder beetle curls into a ball and begins rolling!
There is an open door here.
You shoot an arrow.
The arrow hits the boulder beetle but does no damage.
The boulder beetle closely misses you.
The boulder beetle stops rolling and uncurls.
You feel better. The boulder beetle bites you!!
You die...

..............####...# #...# #..
########'###.........# #...# #.#
#....#.....#.........# #...###.#
'....#.....#..#......# #.......#
#....#.....#..#......####.......+
#....#.....#................<...#
#....#######.......#######......#
####'#.............#.....#..##..#
................@..#.....#......#
............#####B##.....#......#
............#...>°.......#......#
..<.........#...○........#..###.#
.......####.#............#......#
.####..# #.#............#......+
.####..# #.#.....##'#####......#
.......####.#######.............#
.........####################...#


You could see a boulder beetle (weak-willed).

Vanquished Creatures
  2 two-headed ogres
  A boulder beetle (D:11)
  Pikel (D:8)
  Psyche (D:8)
  Prince Ribbit (D:8)
  A shadow (D:10)
  2 wyverns
  Eustachio (D:4)
  5 yaks (D:10)
  4 vampire mosquitoes (D:10)
  Edmund (D:5)
  4 water moccasins
  A sky beast (D:6)
  2 orc warriors
  2 ogres
  2 black bears (D:10)
  5 centaurs
  4 lemures (D:8)
  A phantom (D:4)
  2 kobold brigands
  3 bullfrogs
  5 necrophages
  A gnoll sergeant (D:8)
  4 scorpions
  16 wights
  6 killer bees (D:9)
  8 howler monkeys
  2 hounds
  3 orc priests
  2 jellies
  3 iguanas
  4 orc wizards
  A statue (D:3)
  7 gnolls
  2 adders
  2 shadow imps
  19 orcs
  3 bat zombies (D:4)
  6 endoplasms
  10 goblins
  5 hobgoblins
  12 kobolds
  4 quokkas
  5 ball pythons
  10 bats
  2 frilled lizards
  8 rats
  A rat zombie (D:4)
197 creatures vanquished.

Vanquished Creatures (others)
  6 fungi
  4 plants (D:10)
  4 toadstools (D:5)
14 creatures vanquished.

Grand Total: 211 creatures vanquished

Notes
Turn   | Place    | Note
-------+----------+-------------------------------------------
     0 | D:1      | ragingrage the Formicid Hunter began the quest for the Orb.
     0 | D:1      | Reached XP level 1. HP: 16/16 MP: 1/1
   168 | D:1      | Reached XP level 2. HP: 22/22 MP: 2/2
   343 | D:1      | Reached XP level 3. HP: 27/27 MP: 3/3
   420 | D:1      | Reached skill level 5 in Ranged Weapons
   754 | D:2      | Noticed Sigmund
  1020 | D:3      | Found a radiant altar of Vehumet.
  1020 | D:3      | Noticed a charred statue
  1075 | D:3      | Found Vorooz's Antique Weapon Emporium.
  1121 | D:3      | Identified the +1 ring mail of the Harvest {rPois Will-
                  | Str-5 SInv}
  1207 | D:3      | Reached XP level 4. HP: 33/33 MP: 4/4
  1313 | D:3      | Found a hazy altar of Hepliaklqana.
  1486 | D:3      | Killed a charred statue
  1487 | D:3      | Reached skill level 6 in Ranged Weapons
  1487 | D:3      | Reached XP level 5. HP: 30/38 MP: 5/5
  1762 | D:4      | Reached XP level 6. HP: 37/44 MP: 6/6
  1793 | D:4      | Reached skill level 7 in Ranged Weapons
  1867 | D:4      | Learned a level 3 spell: Mephitic Cloud
  1941 | D:4      | Found a staircase to the Ecumenical Temple.
  1953 | Temple   | Entered the Ecumenical Temple
  2082 | Temple   | Became a worshipper of Warmaster Okawaru
  2247 | D:4      | Reached skill level 8 in Ranged Weapons
  2247 | D:4      | Reached XP level 7. HP: 38/50 MP: 7/7
  2338 | D:4      | Found an ornate altar of the Wu Jian Council.
  2340 | D:4      | Found a sacrificial altar of Ru.
  2342 | D:4      | Found a shadowy altar of Dithmenos.
  2388 | D:4      | Found an ancient bone altar of Kikubaaqudgha.
  2690 | D:5      | Entered Level 5 of the Dungeon
  2699 | D:5      | Noticed Eustachio
  2719 | D:4      | Killed Eustachio
  2719 | D:4      | Reached * piety under Okawaru
  2720 | D:4      | Reached skill level 9 in Ranged Weapons
  3008 | D:3      | Bought a glowing shortbow for 144 gold pieces
  3048 | D:5      | Noticed a wyvern
  3055 | D:5      | Killed a wyvern
  3056 | D:5      | Reached XP level 8. HP: 48/56 MP: 8/8
  3212 | D:5      | Noticed a +0 dagger
  3212 | D:5      | Noticed a +0 hand axe
  3247 | D:5      | Found a hide-covered altar of Uskayaw.
  3283 | D:5      | Noticed Edmund
  3520 | D:5      | Killed Edmund
  3520 | D:5      | Reached ** piety under Okawaru
  3521 | D:5      | Reached skill level 10 in Ranged Weapons
  3752 | D:5      | Found a sparkling altar of Nemelex Xobeh.
  4318 | D:6      | Reached skill level 11 in Ranged Weapons
  4318 | D:6      | Reached XP level 9. HP: 55/61 MP: 9/9
  4810 | D:6      | Found a blossoming altar of Fedhas.
  4858 | D:6      | Reached skill level 12 in Ranged Weapons
  4960 | D:7      | Reached *** piety under Okawaru
  4990 | D:7      | Found a transporter.
  4993 | D:7      | Noticed a queen bee
  4995 | D:7      | Found a transporter.
  5031 | D:7      | Noticed voltaire321's ghost (novice MfGl)
  5263 | D:7      | Found Ycualih's Distillery.
  5288 | D:7      | Reached skill level 13 in Ranged Weapons
  5467 | D:7      | Bought a potion of mutation for 112 gold pieces
  5509 | D:7      | Reached skill level 1 in Invocations
  5692 | D:8      | Noticed Prince Ribbit
  5697 | D:8      | Killed Prince Ribbit
  5697 | D:8      | Reached **** piety under Okawaru
  5698 | D:8      | Reached XP level 10. HP: 51/67 MP: 10/12
  5717 | D:8      | Noticed Psyche
  5726 | D:8      | Killed Psyche
  5847 | D:8      | Reached skill level 5 in Invocations
  6005 | D:8      | Identified the +1 robe of the Glamorous God {Harm rPois
                  | rF+++ rC-}
  6265 | D:8      | Noticed Pikel
  6546 | D:8      | HP: 2/67 [acid dragon/splash of acid (39)]
  6789 | D:9      | Found Daygysmo's Self-Improvement Boutique.
  6825 | D:9      | Reached skill level 14 in Ranged Weapons
  7492 | D:9      | Reached skill level 1 in Poison Magic
  7619 | D:9      | Reached skill level 1 in Conjurations
  7653 | D:9      | Reached skill level 1 in Air Magic
  7835 | D:9      | Noticed a two-headed ogre
  7967 | D:8      | Killed Pikel
  8160 | D:9      | Killed a two-headed ogre
  8160 | D:9      | Reached ***** piety under Okawaru
  8161 | D:9      | Reached XP level 11. HP: 72/72 MP: 15/15
  8173 | D:10     | Entered Level 10 of the Dungeon
  8356 | D:10     | Reached skill level 1 in Spellcasting
  8543 | D:10     | Reached skill level 5 in Poison Magic
  8901 | D:10     | Reached skill level 15 in Ranged Weapons
  8955 | D:10     | Found a staircase to the Lair.
  9138 | D:10     | Found a white marble altar of Elyvilon.
  9212 | D:10     | Found a shimmering blue altar of Sif Muna.
  9360 | D:11     | Noticed a brown ugly thing
  9454 | D:11     | Noticed a boulder beetle
  9458 | D:11     | Noticed a two-headed ogre
  9465 | D:11     | Killed a boulder beetle
  9465 | D:11     | Identified the +6 plate armour of the Land of Plenty
                  | {Rampage Will+ Int+2} (Okawaru gifted it to you on level 11
                  | of the Dungeon)
  9465 | D:11     | Received a gift from Okawaru
  9468 | D:11     | Killed a two-headed ogre
  9564 | D:11     | Noticed a boulder beetle
  9577 | D:11     | HP: 3/72 [boulder beetle (16)]
  9588 | D:10     | Mangled by a boulder beetle

Illustrated notes

Levels and vault maps discovered:
D:1:      heliophobic_arrival_dark_side_of_the_moon, layout_rooms,
          nicolae_concentric_dashed_squares_wild, minmay_misc_feat_ornament,
          minmay_pentomino_x4
D:2:      layout_basic, uniq_sigmund
D:3:      layout_rooms, general_overflow_altar, vehumet_statue, serial_shops,
          shop
D:4:      layout_gridville, grunt_temple_overflow_open,
          lemuel_zombie_altar_kikubaaqudgha, minmay_temple_entry_large_hall,
          corexii_shack
D:5:      layout_loops_ring, dancing_weapons_uskayaw,
          mainiacjoe_overflow_brackets, minmay_gold_behind_fungi,
          hangedman_decor_slide_cut, uniq_edmund, uniq_eustachio
D:6:      layout_gridville, fedhas_bush_and_centaur_altar, minmay_holes,
          fountainhead, roderic_lattice_a, nicolae_figureground_sparkle
D:7:      layout_rooms, gammafunk_ghost_hive, kennysheep_windowed_goal
D:8:      layout_loops_ring, uniq_pikel, uniq_psyche, uniq_prince_ribbit1
D:9:      layout_roguey, nicolae_shop_self_help
D:10:     layout_stronghold, mainiacjoe_overflow_catwalk,
          lemuel_coloured_pillars_altar, grunt_lair_entry_orc_guard_hut
D:11:     layout_long_grid, david_orc_4, zin_scriptorium
Temple:   jpeg_temple_clearing

Skill      XL: |  1  2  3  4  5  6  7  8  9 10 11 |
---------------+----------------------------------+-----
Ranged Weapons | 5 6 8 9 11 13 14 15 | 15.6
Invocations    | 3 6 |  6.0
Stealth        | 3 |  3.0
Poison Magic   | 4 5 |  5.0
Conjurations   | 2 3 |  3.0
Air Magic      | 1 2 |  2.0
Spellcasting   | 1 |  1.0
Fighting       | |  2.1
Dodging        | |  1.7

Action                     |  1- 3 |  4- 6 |  7- 9 | 10-12 || total
---------------------------+-------+-------+-------+-------++-------
   Fire: Shortbow          |   122 |    86 |   191 |   301 ||   700
   Cast: Mephitic Cloud    |       |       |       |     3 ||     3
 Invoke: Heroism           |       |       |       |     1 ||     1
Ability: Dig               |     3 |       |       |     1 ||     4
  Evoke: Wand              |       |       |       |     1 ||     1
    Use: Scroll            |       |     6 |     6 |    15 ||    27
         Potion            |       |       |       |     2 ||     2
 Armour: Leather armour    |     7 |     7 |    24 |       ||    38
         Robe              |       |       |       |    17 ||    17
  Dodge: Dodged            |    24 |    22 |    52 |    43 ||   141

Table legend: (Time is in decaauts)
 A = Elapsed time spent in this place.
 B = Non-inter-level travel time spent in this place.
 C = Inter-level travel time spent in this place.
 D = Time resting spent in this place.
 E = Time spent auto-exploring this place.
 F = Levels seen in this place.
 G = Mean time per level.
                   A        B        C        D        E       F      G
               +--------+--------+--------+--------+--------+-----+--------+
         Total |   9579 |   9076 |    503 |   2246 |   5213 |  12 |  798.2 |
       Dungeon |   9438 |   8946 |    492 |   2246 |   5103 |  11 |  858.0 |
        Temple |    140 |    129 |     11 |      0 |    110 |   1 |  140.0 |
               +--------+--------+--------+--------+--------+-----+--------+

Top non-repeatable levels by time:
     D:9: 1466 daAuts
     D:4: 1346 daAuts
    D:10: 1183 daAuts
     D:5: 1016 daAuts
     D:8: 996 daAuts
     D:6: 927 daAuts
     D:7: 719 daAuts
     D:1: 658 daAuts
     D:3: 576 daAuts
     D:2: 347 daAuts
    D:11: 200 daAuts
  Temple: 140 daAuts
